Map: Echo LE (Void)

Players

Bop

  • Race: Zerg Zerg

Bones - Winner!

  • Race: Protoss Protoss

VOD

Have the link to the VOD?

Description

Time

  • Played on: May 1, 2015, 3:30 a.m.
  • Length: 12:39
Show
View Real Time Build Order
Export as new Build Order

Bop Zerg 

Build Orders: Pool First 

Get SALT Encoding   

  12  0:00  Drone  
  13  0:15  Drone x2, Extractor  
  14  0:32  Spawning Pool  
  13  0:38  Drone  
  14  0:45  Drone, Extractor  
  15  0:53  Overlord  
  15  1:19  Metabolic Boost, Roach Warren  
  14  1:27  Queen  
  16  1:59  Roach  
  16  2:00  Roach x2  
  22  2:11  Overlord  
  22  2:30  Zergling x2  
  22  2:36  Zergling x2  
  22  2:37  Zergling x8  
  28  2:47  Zergling x2  
  29  3:05  Ravager  
  30  3:09  Spore Crawler  
  30  3:10  Extractor  
  30  3:11  Ravager x2  
  31  3:46  Overlord  
  31  3:54  Hatchery  
  30  4:05  Drone x5  
  35  4:11  Queen  
  37  4:32  Drone  
  37  4:34  Hatchery, Overlord  
  37  4:44  Overlord  
  37  4:56  Drone x3  
  37  4:58  Burrow  
  40  5:10  Drone x2  
  42  5:15  Evolution Chamber  
  41  5:21  Drone x5  
  46  5:30  Overlord  
  46  5:32  Drone x2  
  47  5:41  Zerg Missile Weapons Level 1  
  47  5:42  Drone x2  
  49  5:47  Drone x2  
  51  5:58  Drone x5  
  51  6:00  Extractor  
  51  6:03  Extractor  
  54  6:08  Drone x4  
  58  6:14  Lair  
  58  6:21  Overlord  
  58  6:23  Drone x3  
  61  6:32  Zergling x8  
  65  6:47  Drone x2  
  65  6:48  Drone x5  
  65  6:53  Overlord x2  
  72  7:03  Drone  
  72  7:04  Overlord  
  73  7:11  Queen  
  75  7:16  Roach  
  75  7:17  Roach x7  
  90  7:23  Overlord  
  90  7:24  Drone x2  
  92  7:31  Spore Crawler  
  91  7:40  Drone x6  
  91  7:41  Zerg Missile Weapons Level 2  
  91  7:42  Extractor  
  91  7:43  Glial Reconstitution, Extractor  
  95  7:54  Roach  
  95  7:55  Roach x4  
  95  7:57  Overlord x2  
  105  8:12  Ravager x2  
  106  8:13  Ravager  
  101  8:23  Ravager x4  
  101  8:24  Zergling x20  
  106  8:37  Drone x2  
  106  8:38  Queen  
  110  8:41  Spore Crawler  
  110  8:47  Spore Crawler  
  110  8:48  Drone x4  
  112  8:54  Drone x13  
  104  9:04  Roach x9  
  104  9:08  Overlord  
  121  9:19  Roach x2  
  121  9:20  Roach x3  
  121  9:22  Ravager  
  121  9:23  Ravager x2  
  116  9:32  Roach x4  
  116  9:36  Ravager  
  116  9:37  Zergling x2  
  116  9:38  Zergling x2  
  127  9:48  Roach  
  127  9:50  Overlord  
  127  9:51  Overlord  
  127  10:12  Roach x12  
  105  10:23  Roach x5  
  103  10:41  Roach x4  
  111  10:49  Ravager x4  
  115  10:54  Hatchery  
  104  10:57  Drone x13  
  117  11:05  Ravager x3  
  120  11:12  Zergling x2  
  120  11:13  Zergling x6  
  124  11:25  Roach x6  
  136  11:35  Zergling x16  
  136  11:37  Ravager x2  
  136  11:38  Overlord  
  136  11:39  Overlord  
  142  11:56  Zergling x2  
  142  11:57  Zergling x12  
  149  12:02  Ravager x4  
  149  12:03  Ravager  
  149  12:08  Zergling x6  
Show
View Real Time Build Order
Export as new Build Order

Bones Protoss - Winner!

Build Orders: Nexus First 

Get SALT Encoding   

  12  0:01  Probe  
  13  0:13  Probe  
  14  0:41  Nexus  
  14  0:48  Pylon  
  14  1:06  Probe (Chrono Boost)  
  14  1:08  Gateway  
  15  1:16  Probe (Chrono Boost)  
  16  1:23  Probe (Chrono Boost)  
  17  1:32  Probe (Chrono Boost)  
  18  1:36  Assimilator  
  18  1:38  Assimilator  
  18  1:40  Probe (Chrono Boost)  
  19  1:50  Probe (Chrono Boost)  
  20  1:57  Probe  
  20  1:58  Cybernetics Core  
  21  2:02  Probe  
  21  2:03  Forge  
  22  2:11  Pylon  
  22  2:13  Zealot  
  24  2:16  Probe  
  24  2:20  Probe  
  26  2:35  Photon Cannon  
  26  2:37  Mothership Core (Chrono Boost)  
  28  2:45  Photon Cannon  
  28  2:52  Pylon  
  28  2:56  Stalker (Chrono Boost)  
  30  3:04  Probe x2  
  32  3:17  Photon Cannon  
  32  3:19  Stalker (Chrono Boost)  
  34  3:24  Photon Cannon  
  34  3:35  Pylon  
  34  3:48  Stalker (Chrono Boost)  
  36  3:51  Probe x2 (Chrono Boost)  
  36  3:53  Pylon  
  38  4:00  Probe x2 (Chrono Boost), Warp Gate  
  38  4:01  Protoss Ground Weapons Level 1  
  40  4:08  Probe x2 (Chrono Boost)  
  42  4:14  Pylon  
  42  4:19  Probe (Chrono Boost)  
  42  4:20  Probe (Chrono Boost)  
  44  4:25  Probe (Chrono Boost)  
  44  4:26  Probe (Chrono Boost)  
  46  4:32  Stalker  
  46  4:37  Probe (Chrono Boost)  
  46  4:38  Assimilator  
  50  4:39  Probe (Chrono Boost), Assimilator  
  50  4:44  Robotics Facility  
  50  4:45  Probe (Chrono Boost)  
  51  4:46  Pylon  
  51  4:52  Probe  
  52  4:54  Probe  
  53  5:04  Probe  
  54  5:08  Probe  
  54  5:12  Sentry  
  57  5:16  Probe  
  57  5:19  Pylon  
  58  5:23  Pylon  
  58  5:26  Gateway x2  
  58  5:28  Gateway  
  58  5:29  Twilight Council  
  58  5:32  Observer (Chrono Boost)  
  61  5:35  Probe x2  
  61  5:46  Observer (Chrono Boost), Pylon  
  62  5:53  Robotics Bay  
  62  5:59  Blink  
  62  6:04  Probe  
  62  6:05  Probe  
  62  6:06  Warp Prism (Chrono Boost)  
  62  6:11  Protoss Ground Weapons Level 2 (Chrono Boost)  
  66  6:35  Probe x2  
  66  6:39  Zealot x3  
  74  6:40  Zealot  
  80  6:49  Disruptor (Chrono Boost)  
  80  6:50  Probe x2  
  80  6:52  Pylon  
  80  6:53  Gravitic Drive (Chrono Boost)  
  82  7:01  Pylon  
  82  7:07  Zealot x2  
  82  7:08  Zealot x2  
  94  7:29  Disruptor (Chrono Boost)  
  94  7:33  Gateway x2, Adept x3  
  94  7:34  Gateway, Adept  
  94  7:35  Gateway  
  102  7:46  Photon Cannon  
  102  7:49  Photon Cannon  
  102  7:50  Disruptor  
  102  7:51  Disruptor  
  102  7:53  Pylon  
  102  7:58  Stalker x4  
  110  8:12  Protoss Ground Weapons Level 3 (Chrono Boost)  
  109  8:18  Immortal (Chrono Boost)  
  113  8:21  Disruptor  
  113  8:35  Nexus  
  113  8:39  Assimilator  
  113  8:41  Disruptor, Assimilator  
  113  8:43  Pylon  
  113  8:46  Robotics Facility  
  117  8:51  Disruptor (Chrono Boost)  
  117  8:55  Probe x2  
  119  9:16  Probe  
  119  9:23  Disruptor  
  120  9:24  Probe  
  120  9:26  Photon Cannon  
  120  9:28  Probe, Disruptor (Chrono Boost)  
  121  9:33  Disruptor  
  121  9:34  Disruptor  
  121  9:36  Probe  
  126  9:39  Immortal (Chrono Boost)  
  126  9:40  Stalker x2, Probe  
  126  9:42  Pylon  
  126  9:43  Pylon  
  126  9:45  Disruptor, Pylon  
  131  9:46  Pylon  
  131  9:48  Probe, Pylon  
  131  9:52  Probe  
  130  10:00  Probe  
  130  10:04  Probe  
  130  10:17  Disruptor  
  130  10:18  Disruptor  
  130  10:19  Probe  
  127  10:25  Immortal (Chrono Boost)  
  127  10:27  Probe x2  
  133  10:32  Gateway  
  133  10:35  Gateway  
  133  10:39  Extended Thermal Lance (Chrono Boost)  
  133  10:40  Stalker x4, Immortal (Chrono Boost)  
  133  10:41  Stalker x2, Pylon  
  143  10:57  Warp Prism (Chrono Boost)  
  143  10:58  Protoss Ground Armor Level 1 (Chrono Boost)  
  141  11:08  Stalker x2  
  141  11:09  Stalker x5  
  155  11:14  Observer (Chrono Boost), Disruptor  
  156  11:39  Pylon  
  160  11:42  Disruptor (Chrono Boost)  
  160  11:46  Disruptor  
  160  11:57  Stalker x5  
  160  11:58  Stalker x5  
  180  12:02  Immortal (Chrono Boost)  
  166  12:24  Stalker  
  166  12:25  Stalker x3  
  166  12:28  Stalker x2  
  166  12:29  Stalker x3  
Tags
 
Add a new tag
Caveats
  • Supply blocks, unpowered buildings, or Contaminate may cause inaccurate times.
  • Supply counts are checked every 10 seconds.